 Dungeon Crawl Stone Soup version 0.29.0-4-gdea44cf6ec (webtiles) character file.

Game seed: 2931126786093398193

64 Elsvaer the Conjurer (level 3, -8/19 HPs)
             Began as a Deep Elf Conjurer on Aug 27, 2022.
             Mangled by Crazy Yiuf
             ... wielding a +4 quarterstaff of chaos
              (14 damage)
             ... on level 3 of the Dungeon.
             The game lasted 00:03:04 (2746 turns).

Elsvaer the Conjurer (Deep Elf Conjurer)            Turns: 2746, Time: 00:03:04

Health: -8/19      AC:  2    Str:  4    XL:     3   Next: 91%
Magic:  3/11       EV: 12    Int: 27    God:
Gold:   151        SH:  0    Dex: 13    Spells: 8/11 levels left

rFire   . . .      SeeInvis .   d - +7 dagger of the Summoning Mosquito {flame, Int+3}
rCold   . . .      Faith    .   (no shield)
rNeg    . . .      Spirit   .   a - +0 robe
rPois   .          Reflect  .   (no helmet)
rElec   .          Harm     .   (no cloak)
rCorr   .          Rampage  .   (no gloves)
Will    .....                   (no boots)
Stlth   ++........              (no amulet)
HPRegen 0.06/turn               (no ring)
MPRegen 0.12/turn               (no ring)

@: no status effects
A: no striking features
a: no special abilities


You were on level 3 of the Dungeon.
You visited 1 branch of the dungeon, and saw 3 of its levels.

You collected 151 gold pieces.

Inventory:

Hand Weapons
 d - the +7 dagger of the Summoning Mosquito (weapon) {flame, Int+3}
   (You found it on level 2 of the Dungeon)

   It burns those it strikes, dealing additional fire damage.
   Int:       It affects your intelligence (+3).
Armour
 a - a +0 robe (worn)
Jewellery
 i - an amulet of reflection
 l - a ring of see invisible
 p - a ring of protection from fire
Scrolls
 j - a scroll of noise {unknown}
 n - a scroll of immolation {unknown}
 o - a scroll of identify {unknown}
Potions
 b - a potion of magic
 c - 2 potions of attraction {unknown}
 e - a potion of curing {unknown}
 f - 3 potions of flight {unknown}
 g - a potion of might {unknown}
 h - 2 potions of haste {unknown}
 k - 2 potions of lignification {unknown}
 m - a potion of mutation {unknown}
 q - a potion of berserk rage {unknown}


   Skills:
 - Level 2.4 Dodging
 - Level 2.4 Stealth
 + Level 4.6 Spellcasting
 + Level 5.3 Conjurations


You had 8 spell levels left.
You knew the following spells:

 Your Spells              Type           Power      Damage    Failure   Level
a - Magic Dart            Conj           100%       1d8       1%          1
b - Searing Ray           Conj           70%        2d7       1%          2

Your spell library contained the following spells:

 Spells                   Type           Power      Damage    Failure   Level
 Slow                     Hex            24%        N/A       8%          1
 Dazzling Flash           Conj/Hex       40%        N/A       8%          3
 Confusing Touch          Hex            6%         N/A       22%         3
 Vampiric Draining        Necr           6%         2d6       22%         3
 Fulminant Prism          Conj/Hex       10%        3d9       26%         4
 Iskenderun's Mystic Bla  Conj/Tloc      20%        2d6       26%         4


Dungeon Overview and Level Annotations

Branches:
Dungeon (3/15)

Altars:

Annotations:
D:3 Crazy Yiuf


Message History

Unknown command.
There is an open door here.
Search for what [Enter for "."]? .
There is an open door here.
You open the door.
Casting: Magic Dart (safe; 1% risk of failure)
Confirm with . or Enter, or press ? or * to list all spells.
Aiming: Searing Ray (safe; 1% risk of failure)
Press: ? - help, Shift-Dir - straight line, f - Crazy Yiuf
Aim: Crazy Yiuf, wielding a +4 quarterstaff of chaos and wearing a +2 cloak of preservation (83% to hit)
The searing ray hits Crazy Yiuf.
Crazy Yiuf is lightly wounded. (Press . to maintain the ray.) Crazy Yiuf barely misses you.
The searing ray hits Crazy Yiuf.
Crazy Yiuf is moderately wounded.
Crazy Yiuf hits you with a +4 quarterstaff of chaos!
Space warps around you.
The searing ray hits Crazy Yiuf but does no damage.
Crazy Yiuf is moderately wounded.
Crazy Yiuf closely misses you.
The searing ray hits Crazy Yiuf.
Crazy Yiuf is heavily wounded.
You finish channelling your searing ray.
Crazy Yiuf whimpers, "Goldfish poople unthinkable!"
Crazy Yiuf barely misses you.
Casting: Searing Ray (safe; 1% risk of failure)
Confirm with . or Enter, or press ? or * to list all spells.
Aiming: Searing Ray (safe; 1% risk of failure)
Press: ? - help, Shift-Dir - straight line, f/p - Crazy Yiuf
Aim: Crazy Yiuf, wielding a +4 quarterstaff of chaos and wearing a +2 cloak of preservation (heavily wounded, 83% to hit)
The searing ray misses Crazy Yiuf. (Press . to maintain the ray.) Crazy Yiuf laughs, "Powder!"
Crazy Yiuf barely misses you.
The searing ray hits Crazy Yiuf but does no damage.
Crazy Yiuf is heavily wounded.
Crazy Yiuf hits you with a +4 quarterstaff of chaos!
Ouch! That really hurt!
You die...

#.# #.......#### #.#
#.# #.#####.# ##'##
#[## #.# #...# #...##
###..# ### #####
##...## .##..# #....##
# .....#####♣♣♣♣♣
#.....####
............♣.♣♣♣ ###
#....†'...
.............♣..♣#...#
#.....####
............♣♣♣♣@g...#
#....## #
##...##....♣♣ ♣♣#..)#
#...## ##.######♣♣ ###
#..## #.# #'## #.# #.#
#.# ### #.# #.# #.#
##.## # #.# #.#
#########...# ###.#
#.# #.......##.##
#####


You could see Crazy Yiuf.

Vanquished Creatures
  2 adders (D:2)
  A worm (D:3)
  6 bats
  4 endoplasms
  4 giant cockroaches
  5 goblins
  3 hobgoblins
  3 jackals (D:1)
  5 kobolds
  3 ball pythons
  A frilled lizard (D:3)
  3 rats (D:1)
  A spectral kobold (D:2)
41 creatures vanquished.

Notes
Turn   | Place    | Note
-------+----------+-------------------------------------------
     0 | D:1      | Elsvaer the Deep Elf Conjurer began the quest for the Orb.
     0 | D:1      | Reached XP level 1. HP: 10/10 MP: 6/6
   338 | D:1      | Reached XP level 2. HP: 15/15 MP: 2/8
   543 | D:1      | Learned a level 2 spell: Searing Ray
  1057 | D:2      | Reached skill level 5 in Conjurations
  1057 | D:2      | Reached XP level 3. HP: 19/19 MP: 4/10
  1150 | D:2      | Identified the +7 dagger of the Summoning Mosquito {flame,
                  | Int+3}
  1651 | D:2      | Found a faded altar of an unknown god.
  2600 | D:3      | Identified the +4 mace of Guibysk {venom, +Blink Str+3
                  | Int+2}
  2689 | D:3      | Found a runed translucent door.
  2690 | D:3      | Noticed Crazy Yiuf
  2746 | D:3      | Mangled by Crazy Yiuf

Illustrated notes

Levels and vault maps discovered:
D:1:      scummos_arrival_hexagon, layout_basic, minmay_three_crescents
D:2:      layout_basic, dreamdust_ecumenical_altar_drowned_temple
D:3:      layout_loops_corners, amcnicky_mini_pool_small,
          kennysheep_generic_room_2, uniq_crazy_yiuf_cottage

Skill      XL: |  1  2 |
---------------+-------+-----
Spellcasting   | 4 |  4.6
Conjurations   | 5 |  5.3
Dodging        | |  2.4
Stealth        | |  2.4

Action                   || total
-------------------------++-------
 Cast: Magic Dart        ||    72
       Searing Ray       ||     3
  Use: Scroll            ||     5
Armor: Robe              ||     5
Dodge: Dodged            ||    22
